 Dungeon Crawl Stone Soup version 0.25-a0-992-gca090100c3 (webtiles) character file.

Game seed: 5616625035034605198, levelgen mode: deterministic

11 Flugslaktarn the Sneak (level 2, 0/25 HPs)
             Began as a Minotaur Assassin on May 10, 2020.
             Slain by an orc
             ... wielding a +0 morningstar
              (9 damage)
             ... on level 4 of the Dungeon.
             The game lasted 00:00:17 (785 turns).

Flugslaktarn the Sneak (Minotaur Assassin)           Turns: 785, Time: 00:00:17

Health: 0/25       AC:  3    Str: 15    XL:     2   Next: 17%
Magic:  1/1        EV: 12    Int:  8    God:
Gold:   10         SH:  0    Dex: 11    Spells: 1/1 levels left

rFire    . . .     SeeInvis .   a - +2 dagger
rCold    . . .     Gourm    .   (no shield)
rNeg     . . .     Faith    .   b - +0 robe
rPois    .         Spirit   .   (helmet restricted)
rElec    .         Reflect  .   c - +0 cloak
rCorr    .         Harm     .   (no gloves)
MR       .....                  (no boots)
Stlth    ++........             (no amulet)
HPRegen  0.08/turn              (no ring)
MPRegen  0.07/turn              (no ring)

@: mighty
A: retaliatory headbutt, horns 2
a: no special abilities


You were on level 4 of the Dungeon.
You were not hungry.

You visited 1 branch of the dungeon, and saw 4 of its levels.

You collected 10 gold pieces.

Inventory:

Hand Weapons
 a - a +2 dagger (weapon)
Missiles
 d - 8 poisoned darts (quivered)
 f - 2 curare-tipped darts
Armour
 b - a +0 robe (worn)
 c - a +0 cloak (worn)
Scrolls
 g - a scroll of remove curse {unknown}
 h - a scroll of magic mapping {unknown}
Potions
 j - a potion of degeneration {unknown}
Comestibles
 e - 3 rations


   Skills:
 + Level 2.6 Fighting
 * Level 2.6 Short Blades
 - Level 2.0 Throwing
 + Level 1.4 Dodging
 + Level 3.3 Stealth


You had one spell level left.
You didn't know any spells.
Your spell library was empty.

Dungeon Overview and Level Annotations

Branches:
Dungeon (4/15)
 Temple: D:4-7

Altars:


Innate Abilities, Weirdness & Mutations

You reflexively headbutt those who attack you in melee.
You have a pair of horns on your head.


Message History

You hit the howler monkey.
You headbutt the howler monkey, but do no damage.
The howler monkey is moderately wounded.
The howler monkey hits you. The howler monkey closely misses you.
You hit the howler monkey. Your headbutt misses the howler monkey.
The howler monkey is moderately wounded.
The howler monkey barely misses you.
You hit the howler monkey.
The howler monkey is heavily wounded.
The howler monkey hits you.
You hit the howler monkey.
The howler monkey is almost dead.
An adder comes into view.
The howler monkey hits you.
The orc priest hits you but does no damage.
Unknown command.
It was a potion of might.
You feel very mighty all of a sudden. The orc hits you with a +0 morningstar!
You die...

########## #..........#
#..........#
#..........#
#?.........#
#..........# .
#..........###
....#######.............
.......@o....%..........
#########oh.##.###.##.##
#....h.......#........
#......o...###........
#.....................
#..........##.#.....##
#..........##.########
#....S.....## .....
#..$.......# #####


You could see a howler monkey, an orc priest and an orc.

Vanquished Creatures
  A worm (D:3)
  2 goblins (D:1)
  2 kobolds
  3 bats
8 creatures vanquished.

Notes
Turn   | Place    | Note
-------+----------+-------------------------------------------
     0 | D:1      | Flugslaktarn the Minotaur Assassin began the quest for the
                  | Orb.
     0 | D:1      | Reached XP level 1. HP: 18/18 MP: 0/0
   409 | D:3      | Reached XP level 2. HP: 10/25 MP: 1/1
   770 | D:4      | Noticed a howler monkey
   785 | D:4      | Slain by an orc

Illustrated notes

Levels and vault maps discovered:
D:1:      giann_wishing_wells, layout_basic
D:2:      layout_basic, minmay_between
D:3:      layout_loops_ring, chequers_ecumenical_altar_island,
          wander_ebering_terrifying_dragon_lair
D:4:      layout_basic, first_ration

Action                   || total
-------------------------++-------
Melee: Dagger            ||    32
       Headbutt          ||     4
  Use: Potion            ||     1
Armor: Robe              ||     5
Dodge: Dodged            ||    15

Table legend:
 A = Non-vault XP
 B = Vault XP
 C = Vault XP percentage of total XP
 D = Non-vault monster count
 E = Vault monster count
 F = Vault count percentage of total count
                 A         B        C        D         E       F
            +---------+---------+-------+---------+---------+-------
      Total |      17 |       0 |   0.0 |       8 |       0 |   0.0
            +---------+---------+-------+---------+---------+-------
        D:1 |       7 |       0 |   0.0 |       4 |       0 |   0.0
        D:2 |       1 |       0 |   0.0 |       1 |       0 |   0.0
        D:3 |       9 |       0 |   0.0 |       3 |       0 |   0.0
            +---------+---------+-------+---------+---------+-------
